 Dungeon Crawl Stone Soup version 0.18.1-8-gdd0e5ea (webtiles) character file.

438 shmeve the Skirmisher (level 6, 56/56 HPs)
             Began as a Minotaur Berserker on May 21, 2016.
             Was a Priest of Trog.
             Quit the game on level 4 of the Dungeon.
             The game lasted 00:05:55 (3273 turns).

shmeve the Skirmisher (Minotaur Berserker)          Turns: 3273, Time: 00:05:55

Health: 56/56      AC:  7    Str: 24    XL:     6   Next: 69%
Magic:  5/5        EV:  9    Int:  4    God:    Trog [***...]
Gold:   243        SH:  4    Dex:  9    Spells: 0 memorised, 5 levels left

rFire  . . .     SeeInvis .     a - +0 hand axe
rCold  . . .     Gourm    .     A - +0 chain mail
rNeg   . . .     Faith    .     m - +0 buckler
rPois  .         Spirit   .     (helmet restricted)
rElec  .         Dismiss  .     y - +0 cloak
rCorr  .         Reflect  .     (no gloves)
SustAt .         Harm     .     (no boots)
MR     +....                    (no amulet)
Stlth  ..........               z - -3 ring of protection (curse)
                                e - ring of protection from magic

@: somewhat resistant to hostile enchantments, extremely unstealthy
A: retaliatory headbutt, horns 2
a: Berserk, Trog's Hand, Burn Spellbooks, Renounce Religion


You were on level 4 of the Dungeon.
You worshipped Trog.
Trog was most pleased with you.
You were not hungry.

You visited 1 branch of the dungeon, and saw 4 of its levels.

You collected 243 gold pieces.

Inventory:

Hand Weapons
 a - a +0 hand axe (weapon)
Armour
 m - a +0 buckler (worn)
 y - a +0 cloak (worn)
 A - a +0 chain mail (worn)
Jewellery
 e - a ring of protection from magic (left hand)
 f - an uncursed ring of flight
 z - a cursed -3 ring of protection (right hand)
Scrolls
 g - 5 scrolls of identify {unknown}
 i - a scroll of blinking {unknown}
 l - a scroll of enchant weapon {unknown}
 p - 2 scrolls of recharging {unknown}
 v - a scroll of remove curse {unknown}
Potions
 b - a potion of flight {unknown}
 d - a potion of degeneration {unknown}
 h - a potion of berserk rage {unknown}
 j - 2 potions of brilliance {unknown}
 k - a potion of curing {unknown}
 n - 2 potions of cure mutation {unknown}
 s - 2 potions of heal wounds
 t - a potion of cancellation {unknown}
 w - a potion of ambrosia {unknown}
Comestibles
 c - 3 bread rations
 o - 2 fruits
 q - a beef jerky
 r - 2 meat rations
 x - 3 chunks of flesh


   Skills:
 * Level 5.4 Fighting
 * Level 5.2 Axes
 + Level 3.4 Armour
 + Level 3.5 Dodging
 * Level 4.6 Shields


You had 5 spell levels left.
You didn't know any spells.

Dungeon Overview and Level Annotations

Branches:
Dungeon (4/15)
 Temple: D:4-7

Altars:
Makhleb
Xom
Zin


Innate Abilities, Weirdness & Mutations

You reflexively headbutt those who attack you in melee.
You have a pair of horns on your head.


Message History

A jackal comes into view.
The jackal barks!
You hit the jackal. You headbutt the jackal.
You kill the jackal!
Trog accepts your kill.
You see here a jackal corpse.
Put on which piece of jewellery? (? for menu, Esc to quit)
You're wearing all the rings you can.
Remove which one? (? for menu, Esc to cancel) < or
e - a ring of protection from magic > or
f - a ring of flight You remove your ring of flight.
Oops, that ring feels deathly cold.
z - a cursed -3 ring of protection (right hand)
Found 15 gold pieces.
A jackal comes into view.
Are you sure you want to abandon this character and quit the game? (Confirm with "yes".)
Okay, then.
Unknown command.
Are you sure you want to abandon this character and quit the game? (Confirm with "yes".)

#.# ... # #.# #.
#.# ##.# #.## #...#
#..# #..###..#
#.@....####
#..####.##.# #.!.#
#.##.# ##.#
#.##.### #$
##......##### h
............†..(###
#
#.#########........
#####.### #.#


You could see a jackal (wandering).

Vanquished Creatures
  Blork the orc (D:4)
  An orc wizard (D:4)
  A hound (D:3)
  Crazy Yiuf (D:4)
  An iguana (D:4)
  Natasha (thrice) (D:2)
  Terence (D:2)
  4 gnolls (D:4)
  5 adders
  2 worms
  2 dart slugs
  2 giant geckos
  6 orcs
  3 bats (D:2)
  5 giant cockroaches
  4 goblins (D:3)
  9 hobgoblins
  5 jackals
  5 giant newts
  8 kobolds
  7 rats
76 creatures vanquished.

Notes
Turn   | Place    | Note
--------------------------------------------------------------
     0 | D:1      | shmeve the Minotaur Berserker began the quest for the Orb.
     0 | D:1      | Reached XP level 1. HP: 19/19 MP: 0/0
   105 | D:1      | Reached XP level 2. HP: 19/27 MP: 1/1
   903 | D:2      | Reached ** piety under Trog
   987 | D:2      | Noticed Natasha
   991 | D:2      | Killed Natasha
   991 | D:2      | Reached XP level 3. HP: 33/33 MP: 2/2
  1016 | D:2      | Found a glowing silver altar of Zin.
  1018 | D:2      | Noticed an angel
  1023 | D:2      | Found a shimmering altar of Xom.
  1033 | D:2      | Noticed Natasha
  1042 | D:2      | Killed Natasha
  1042 | D:2      | Reached XP level 4. HP: 18/40 MP: 3/3
  1074 | D:2      | Noticed Natasha
  1079 | D:2      | Killed Natasha
  1551 | D:2      | Noticed Terence
  1560 | D:2      | Killed Terence
  1560 | D:2      | Reached XP level 5. HP: 47/47 MP: 4/4
  2241 | D:3      | Found a burning altar of Makhleb.
  2777 | D:4      | Noticed Blork the orc
  2781 | D:4      | Reached skill level 5 in Fighting
  2781 | D:4      | Reached XP level 6. HP: 46/56 MP: 5/5
  2790 | D:4      | Killed Blork the orc
  2903 | D:4      | Reached skill level 5 in Axes
  2933 | D:4      | Reached *** piety under Trog
  3068 | D:4      | Noticed Crazy Yiuf
  3073 | D:4      | Killed Crazy Yiuf
  3273 | D:4      | Quit the game

Skill      XL: |  1  2  3  4  5  6 |
---------------+-------------------+-----
Fighting       | 4 5 |  5.4
Shields        | 2 3 4 |  4.6
Axes           | 4 5 |  5.2
Armour         | 3 |  3.4
Dodging        | 3 |  3.5

Action                   |  1- 3 |  4- 6 || total
-------------------------+-------+-------++-------
Melee: Hand axe          |    51 |   157 ||   208
       Headbutt          |     3 |    27 ||    30
Invok: Trog's Hand       |     1 |     2 ||     3
       Berserk           |     1 |     3 ||     4
       Burn Spellbooks   |       |     1 ||     1
  Eat: Chunk             |       |    11 ||    11
       Fruit             |       |     1 ||     1
Armor: Animal skin       |     8 |     4 ||    12
       Scale mail        |       |    28 ||    28
Dodge: Dodged            |    52 |    55 ||   107
Block: Buckler           |       |    27 ||    27
